cohdb
Replays
Latest Replays
All Replays
Popular Replays
Top Player Replays
Match Explorer
How It Works
Community
CoH3 Stats
Reddit
Sign in to upload your games and track your stats! →
Sign in with Steam
Match 42359948
Unlisted
Match 42359948
Overview
Messages
Build Orders
End
Royal Engineer Section
Construct Section Command Post
ML 3-inch Mortar Team
Infantry Section
Infantry Section
Selects Indian Artillery Battlegroup
Construct Platoon Command Post
Vickers Machine Gun Team
Selects Valour
Selects Gurkha Rifles Section
Unlock M3 Stuart Light Tanks
M3 Stuart Light Tank
Infantry Training
Gurkha Rifles Section
Selects Pillage
Gurkha Rifles Section
Construct Company Command Post
6-pounder Anti-tank Gun Team
Construct Field Infirmary
Construct Company Command Post
Selects Artillery Saturation
Selects Off-map Airburst Barrage
6-pounder Anti-tank Gun Team
Grenade Package
CMP 15cwt Truck
Selects BL5.5 Artillery Emplacement
Crusader II Medium Tank
Crusader II Medium Tank
Off-map Airburst Barrage
Royal Engineer Section
Off-map Airburst Barrage
Tok3n x Operator
TechT0nic
MonoChrome
Buszy
TP219
FrankenHel
0
0
Comments
sign in to comment!
No comments posted yet!